 Dungeon Crawl Stone Soup version 0.17.0-28-g6e173f8 (webtiles) character file.

1381345 n00bb0dy the Conqueror (level 27, -17/156 HPs)
             Began as a Vine Stalker Warper on Nov 29, 2015.
             Was the Champion of the Shining One.
             Killed from afar by a hellion (30 damage)
             ... with a burst of hellfire
             ... in Pandemonium on Nov 30, 2015.
             The game lasted 10:11:05 (129922 turns).

n00bb0dy the Conqueror (Vine Stalker Warper)      Turns: 129922, Time: 10:11:05

Health: -17/156    AC: 56    Str: 17 (18) XL:     27
Magic:  0/55       EV: 25    Int: 11 (13) God:    the Shining One [******]
Gold:   11710      SH: 11    Dex: 29 (31) Spells: 12 memorised, 26 levels left

rFire  + + +     SeeInvis .     b - +9 sacred scourge (holy)
rCold  + + +     Clarity  .     l - +12 gold dragon armour
rNeg   + + +     SustAt   .     X - +3 buckler of the Land of Plenty {rF+ rC+ Regen+}
rPois  +         Gourm    .     Z - +1 helmet of Impatience {rPois rC+ MR+}
rElec  .         Spirit   +     z - +2 cloak {+Inv}
rCorr  .         Warding  .     J - +2 pair of fencer's gloves {LBl+4 SBl+4 EV+3 Dex+6}
rMut   +         Stasis   .     d - +2 pair of boots {Fly}
MR     +++++                    Q - amulet of resist mutation
Stlth  ..........               E - ring of Robustness {AC+8}
                                y - ring "Bargh" {+Inv +Fly rF+ MR+ Dex+4}

@: flying, very slightly contaminated, hasted, glowing, very quick, almost
entirely resistant to hostile enchantments, extremely unstealthy
A: fangs 3, hooves 1, blurry vision 2, breathe flames 1, deformed body,
deterioration 1, frail 1, mutation resistance 1, regeneration 3, weak 1, wild
magic 1, magic shield, antimagic bite, no device heal 3, rot immunity
a: Divine Shield, Cleansing Flame, Summon Divine Warrior, Renounce Religion,
Breathe Fire, Evoke Invisibility, Stop Flying
}: 13/15 runes: decaying, serpentine, slimy, silver, golden, iron, obsidian,
icy, bone, abyssal, demonic, fiery, dark


You were in Pandemonium.
You worshipped the Shining One.
The Shining One was exalted by your worship.
You were hungry.

You visited 17 branches of the dungeon, and saw 90 of its levels.
You visited Pandemonium 1 time, and saw 25 of its levels.
You visited the Abyss 1 time.
You visited 1 bazaar.
You also visited: Labyrinth, Ice Cave, Volcano and Wizlab.

You collected 18402 gold pieces.
You spent 6692 gold pieces at shops.

Inventory:

Hand Weapons
 b - a +9 sacred scourge of holy wrath (weapon)
Armour
 d - a +2 pair of boots of flying (worn)
 i - the +8 orange crystal plate armour {Archmagi, Int+3 Clar SustAt}
   (You bought it in a shop in a bazaar)

   It affects your intelligence (+3).
   It sustains your strength, intelligence and dexterity.
   It protects you against confusion.
 l - a +12 gold dragon armour (worn)
 z - a +2 cloak of invisibility (worn)
 J - the +2 pair of fencer's gloves (worn) {LBl+4 SBl+4 EV+3 Dex+6}
   (You bought it in a shop on level 1 of the Orcish Mines)

   It affects your evasion (+3).
   It affects your dexterity (+6).
 X - the +3 buckler of the Land of Plenty (worn) {rF+ rC+ Regen+}
   (You bought it in a shop on level 4 of the Orcish Mines)

   It protects you from fire.
   It protects you from cold.
   It increases your rate of regeneration.
 Y - a +2 pair of boots of running
 Z - the +1 helmet of Impatience (worn) {rPois rC+ MR+}
   (You found it on level 7 of Cocytus)

   It protects you from cold.
   It protects you from poison.
   It affects your resistance to hostile enchantments.
Rods
 n - a +4 rod of shadows (9/9)
   (You found it in Pandemonium)
 v - a +5 rod of inaccuracy (12/12)
   (You found it on level 1 of the Crypt)
 M - a +9 rod of the swarm (17/17)
   (You found it on level 6 of the Pits of Slime)
Jewellery
 o - the amulet "Kiokhooss" {Faith -Tele rC+ rN+ Str+3}
   (You found it in Pandemonium)

   [amulet of faith]

   It allows you to gain divine favour quickly.
   It affects your strength (+3).
   It protects you from cold.
   It protects you from negative energy.
   It prevents most forms of teleportation.
 u - the ring "Ymuits" {*Corrode +Inv rElec rF+ Stlth-}
   (You found it in Pandemonium)

   [ring of protection from fire]

   It protects you from fire.
   It insulates you from electricity.
   It lets you turn invisible.
   It may corrode your equipment when you take damage.
   It makes you less stealthy.
 y - the ring "Bargh" (left hand) {+Inv +Fly rF+ MR+ Dex+4}
   (You found it on level 15 of the Dungeon)

   [ring of flight]

   It affects your dexterity (+4).
   It protects you from fire.
   It affects your resistance to hostile enchantments.
   It lets you turn invisible.
   It lets you fly.
 E - the ring of Robustness (right hand) {AC+8}
   (You found it on level 7 of Cocytus)

   [ring of protection]

   It affects your AC (+8).
 Q - an amulet of resist mutation (around neck)
Wands
 h - a wand of heal wounds (4)
 r - a wand of disintegration (14)
 N - a wand of teleportation (4)
 T - a wand of digging (4)
Scrolls
 A - 2 scrolls of brand weapon
 B - 41 scrolls of remove curse
 C - 36 scrolls of teleportation
 G - 6 scrolls of holy word
 H - 13 scrolls of fear
 K - 4 scrolls of blinking
 P - 14 scrolls of magic mapping
 R - 12 scrolls of fog
 W - a scroll of summoning
Potions
 j - 3 potions of berserk rage
 p - 8 potions of might
 q - 6 potions of cancellation
 t - 11 potions of haste
 w - 41 potions of curing
 D - 15 potions of agility
 F - 9 potions of ambrosia
 O - 4 potions of cure mutation
 V - 5 potions of resistance
Books
 a - Sif Muna's Incunabulum of the Dark Rocks
   (You found it in Pandemonium)

   Spells                             Type                      Level
   a - Sandblast                      Earth                        1
   b - Stoneskin                      Transmutation/Earth          2
   c - Vampiric Draining              Necromancy                   3
   d - Excruciating Wounds            Charms/Necromancy            5
   e - Shatter                        Earth                        9
 g - a book of Hinderance

   Spells                             Type                      Level
   a - Confusing Touch                Hexes                        2
   b - Confuse                        Hexes                        3
   c - Gell's Gravitas                Hexes/Translocation          3
   d - Petrify                        Transmutation/Earth          4
   e - Metabolic Englaciation         Hexes/Ice                    5
 s - the Handbook of Moulding
   (You found it on level 7 of Cocytus)

   Spells                             Type                      Level
   a - Sticks to Snakes               Transmutation                2
   b - Irradiate                      Conjuration/Transmutation    5
   c - Dragon Form                    Transmutation                7
 x - a book of Party Tricks

   Spells                             Type                      Level
   a - Summon Butterflies             Summoning                    1
   b - Apportation                    Translocation                1
   c - Tukima's Dance                 Hexes                        3
   d - Alistair's Intoxication        Transmutation/Poison         4
   e - Invisibility                   Hexes                        6
 I - a book of Alchemy

   Spells                             Type                      Level
   a - Sublimation of Blood           Necromancy                   2
   b - Ignite Poison                  Fire/Transmutation/Poison    3
   c - Alistair's Intoxication        Transmutation/Poison         4
   d - Condensation Shield            Ice                          4
   e - Petrify                        Transmutation/Earth          4
   f - Irradiate                      Conjuration/Transmutation    5
 L - a book of Clouds

   Spells                             Type                      Level
   a - Mephitic Cloud                 Conjuration/Poison/Air       3
   b - Conjure Flame                  Conjuration/Fire             3
   c - Poisonous Cloud                Conjuration/Poison/Air       6
   d - Freezing Cloud                 Conjuration/Ice/Air          6
   e - Ring of Flames                 Charms/Fire                  7
 S - a book of Flames

   Spells                             Type                      Level
   a - Flame Tongue                   Conjuration/Fire             1
   b - Throw Flame                    Conjuration/Fire             2
   c - Conjure Flame                  Conjuration/Fire             3
   d - Inner Flame                    Hexes/Fire                   3
   e - Sticky Flame                   Conjuration/Fire             4
   f - Fireball                       Conjuration/Fire             5
Miscellaneous
 c - a lamp of fire
 k - a fan of gales
Comestibles
 f - 47 bread rations
 m - 24 meat rations
 U - 4 chunks of flesh


   Skills:
 O Level 27 Fighting
 - Level 14.3 Maces & Flails
 - Level 0.8 Throwing
 O Level 27 Armour
 O Level 27 Dodging
 - Level 6.3 Shields
 O Level 27 Spellcasting
 * Level 14.0 Hexes
 - Level 18.7 Charms
 * Level 4.5 Summonings
 - Level 21.9 Translocations
 - Level 12.3 Invocations
 - Level 15.6 Evocations


You had 26 spell levels left.
You knew the following spells:

 Your Spells              Type           Power        Failure   Level  Hunger
a - Haste                 Chrm           ######..     7%          6    #####..
b - Blink                 Tloc           N/A          1%          2    None
c - Shroud of Golubria    Chrm/Tloc      ######....   1%          2    None
d - Teleport Other        Tloc           #######.     1%          3    None
e - Force Lance           Conj/Tloc      ######..     11%         4    None
f - Spectral Weapon       Hex/Chrm       ######..     1%          3    None
g - Phase Shift           Tloc           #######...   1%          5    ###....
h - Gell's Gravitas       Hex/Tloc       ######....   1%          3    None
i - Shatter               Erth           ###.......   100%        9    #######
j - Ring of Flames        Chrm/Fire      ######....   100%        7    ######.
k - Summon Butterflies    Summ           #####...     16%         1    None
l - Dragon's Call         Summ           #####.....   100%        9    #######


Dungeon Overview and Level Annotations

Branches:
Dungeon (15/15)            Temple (1/1) D:6            Lair (8/8) D:10
  Swamp (4/4) Lair:3        Snake (4/4) Lair:3        Slime (6/6) Lair:8
    Orc (4/4) D:9             Elf (3/3) Orc:3        Vaults (5/5) D:14
  Crypt (3/3) Vaults:2       Tomb (3/3) Crypt:3      Depths (5/5) D:15
   Hell (1/1)                 Dis (7/7) Hell            Geh (7/7) Hell
    Coc (7/7) Hell            Tar (7/7) Hell            Zot (0/5) Depths:5

Altars:
Ashenzari
Cheibriados
Dithmenos
Elyvilon
Fedhas
Gozag
Kikubaaqudgha
Makhleb
Nemelex Xobeh
Okawaru
Qazlal
Ru
Sif Muna
Trog
Vehumet
Xom
Yredelemnul
Zin
The Shining One
Beogh
Jiyva

Shops:
D:4 }   D:5 *   D:15 [?(   Orc:1 =[!   Orc:4 =[(*   Elf:1 [   Elf:2 =[
Elf:3 *   Vaults:2 [[   Vaults:4 !   Vaults:5 !!!   Depths:3 !   Depths:4 }[
Depths:5 !

Portals:
Hell: Depths:1 Depths:2 Depths:3 Depths:4 Depths:5
Abyss: Depths:4
Pandemonium: Depths:3 Depths:4
Ziggurat: Depths:1
Trove: Vaults:2 (give 2 scrolls of acquirement)


Innate Abilities, Weirdness & Mutations

You have razor-sharp teeth.
You regenerate.
When hurt, damage is shared between your health and your magic reserves.
Your bite disrupts and absorbs the magic of your enemies.
Potions and wands cannot restore your health.
You are immune to rotting.
You have large cloven feet.
Scrolls take you longer to read.
You can breathe flames.
Armour fits poorly on your strangely shaped body.
Your body sometimes deteriorates upon taking damage.
You are frail (-10% HP).
You are somewhat resistant to further mutation.
You are weak. (Str -2)
Your spells are a little harder to cast, but a little more powerful.


Message History

The hellfire explodes!
The burst of hellfire engulfs you!
Your body deteriorates!
You feel dopey. The hellion gestures at you.
The hellfire explodes!
The burst of hellfire engulfs you! The hellion gestures at you.
The hellfire explodes!
The burst of hellfire engulfs you!
Your body deteriorates!
You feel dopey.
You hear a hideous shriek!
You hear a bellow!
The hellion gestures at you.
The hellfire explodes!
The burst of hellfire engulfs you! The hellion gestures at you.
The hellfire explodes!
The burst of hellfire engulfs you!
* * * LOW HITPOINT WARNING * * *
The hellion gestures at you.
The hellfire explodes!
The burst of hellfire engulfs you!
* * * LOW HITPOINT WARNING * * *
Your body deteriorates!
You feel clumsy. The hellion gestures at you.
The hellfire explodes!
The burst of hellfire engulfs you!
You die...

.#####.###...###....#.....#.#.#)#
........##.(..................#.#
........##....................#.#
.#####..##....................#.#
..# #..##...###....#.....#.#.#.#
..# #..##...# #....#.....#.#.#.#
..####..##...# #....##..###.#.#.#
.............# #....##..###.#.#.#
..####.......###@...##...##.#.#.#
######..##...............##.#....
........##.....≈≈≈≈..............
........##.....≈≈≈≈..§§§.##.#....
........###..≈≈≈§≈≈≈≈≈..###.#....
###.###.###.≈≈≈≈≈≈≈≈≈≈.§###.###.#
###.#......?≈≈≈≈≈≈≈≈§§§§.........
...........≈≈≈≈222≈≈≈§≈§.........
..........§≈§≈22222≈≈§§§.........


You could see 3 hellions.

Vanquished Creatures
  Cerebov (Pan)
  Antaeus (Coc:7)
  Asmodeus (Geh:7)
  the royal jelly (Slime:6)
  Gloorx Vloq (Pan)
  A seraph (Pan)
  Khufu (Crypt:1)
  3 ancient liches
  Mara (Swamp:4)
  Mennas (Pan)
  36 greater mummies
  Sojobo (Crypt:2)
  Boris (twice) (Crypt:1 Crypt:2)
  23 shard shrikes
  Frederick (Depths:3)
  Norris (Depths:3)
  Vashnia (Snake:4)
  Geryon (Hell)
  4 golden dragons
  Nikola (Snake:2)
  Jory (Crypt:2)
  2 pearl dragons (Pan)
  Xtahua (Vaults:5)
  16 bone dragons
  3 profane servitors
  8 tentacled monstrosities
  18 liches
  Jorgrun (Vaults:5)
  40 Brimstone Fiends
  21 pandemonium lords (Pan)
  18 Hell Sentinels
  9 deep elf blademasters
  33 Ice Fiends
  6 quicksilver dragons
  13 deep elf master archers
  The ghost of grerr the Hoplite, an adept FoFi of Qazlal (Snake:4)
  40 Shadow Fiends
  23 titans
  40 Executioners
  22 acid blobs
  7 eldritch tentacles
  10 sphinxes
  A thorn hunter (Swamp:2)
  10 tengu reavers
  5 ancient champions
  9 shadow dragons
  Agnes (Snake:3)
  11 storm dragons
  Kirke (D:15)
  12 tentacled starspawn (Abyss:3)
  9 blood saints (Pan)
  3 revenants
  6 greater nagas (Snake:4)
  16 azure jellies
  13 daevas (Pan)
  34 fire giants
  Donald (Swamp:1)
  11 chaos champions (Pan)
  30 frost giants
  15 iron dragons
  2 draconian scorchers
  11 black suns (Pan)
  Aizul (Snake:3)
  Louise (Snake:4)
  11 deep elf sorcerers
  28 cacodemons
  22 vault wardens
  8 curse skulls
  21 warmongers (Pan)
  An orc warlord (Orc:3)
  6 ghouls
  69 balrugs
  24 angels (Pan)
  4 spriggan defenders
  A caustic shrike skeleton (Crypt:2)
  14 ironheart preservers
  The ghost of Clownie the Bludgeoner, a journeyman FoFi of the Shining One (Lair:5)
  21 war gargoyles
  17 very ugly things
  36 stone giants
  12 ophanim (Pan)
  The ghost of Kloppie the Fighter, a journeyman MiFi of Elyvilon (Lair:6)
  15 salamander firebrands
  88 reapers
  2 green draconians (Depths:5)
  8 elemental wellsprings
  22 apis (Pan)
  4 vampire knights
  A red draconian (Crypt:3)
  9 deep elf demonologists
  2 salamander stormcallers
  Azrael (Snake:3)
  7 deep elf annihilators
  20 lorocyprocas
  12 corrupters (Pan)
  2 white draconians (Depths:5)
  A dire elephant (Lair:8)
  2 bennus (Tomb:1)
  11 ettins
  21 mummy priests
  7 eidola
  7 deep elf death magi
  Snorg (Orc:1)
  28 green deaths
  A minotaur (Lab)
  11 ogre magi
  19 great orbs of eyes
  8 death oozes
  11 quicksilver dragon zombies
  41 vault guards
  11 jiangshi
  Josephine (Orc:3)
  20 yaktaur captains
  35 blizzard demons
  12 fire dragons
  3 kraken zombies
  8 entropy weavers
  36 ice dragons
  The ghost of Zrachosh the Bludgeoner, a novice OgBe of Trog (D:10)
  14 centaur warriors
  6 deep elf high priests
  22 monstrous demonspawn (Pan)
  13 naga warriors
  7 hell beasts (Pan)
  10 rakshasas
  13 anacondas
  8 quicksilver dragon skeletons
  A catoblepas (Lair:8)
  9 spriggan air magi
  3 ghost crabs
  21 hydras
  9 alligators
  A satyr (shapeshifter) (Depths:1)
  16 dancing weapons
  8 deep troll shamans
  A death knight (Crypt:1)
  8 shock serpents
  5 tengu warriors
  8 deep troll earth magi
  19 naga sharpshooters
  17 thrashing horrors
  8 vampire magi
  2 orc high priests
  11 titan zombies
  10 death yaks
  25 hell hogs
  32 small abominations
  18 storm dragon zombies
  102 sun demons
  10 spriggan berserkers
  23 spriggans
  Nergalle (Orc:1)
  20 iron golems
  94 soul eaters
  14 iron trolls
  9 titan skeletons
  12 wretched stars (Abyss:3)
  21 shadow wraiths
  189 skeletal warriors
  49 death scarabs
  An iron troll (shapeshifter) (Depths:3)
  107 hell knights
  11 unseen horrors
  16 cherubim (Pan)
  10 salamander mystics
  4 spatial maelstroms
  7 storm dragon skeletons
  25 anaconda zombies
  3 spriggan druids (Swamp:3)
  A sea snake (shapeshifter) (Depths:3)
  17 deep trolls
  30 deep elf knights
  31 flayed ghosts
  A kraken simulacrum (Coc:4)
  2 death drakes
  An unseen horror (shapeshifter) (Depths:2)
  8 golden dragon zombies
  8 swamp dragons
  14 gelid demonspawn (Pan)
  A ghost moth zombie (Geh:7)
  3 giant orange brains
  14 infernal demonspawn (Pan)
  The ghost of Kloppie the Basher, a novice GrFi of Elyvilon (D:7)
  4 harpies
  9 deep elf summoners
  6 naga ritualists
  16 ironbrand convokers
  An obsidian statue (D:9)
  An orange crystal statue (D:9)
  A hill giant (shapeshifter) (D:15)
  10 shadow dragon zombies
  28 shadow demons
  14 torturous demonspawn (Pan)
  74 ice devils
  13 hill giants
  2 shambling mangroves
  18 putrid demonspawn (Pan)
  An anubis guard (shapeshifter) (Depths:3)
  27 phantasmal warriors
  10 golden dragon skeletons
  12 deep elf conjurers
  32 necromancers
  41 ugly things
  13 orc knights
  20 mana vipers
  22 anubis guards
  8 anaconda skeletons
  9 iron dragon zombies
  4 oklob plants (Lair:8)
  9 stone giant zombies
  An orb spider (Abyss:3)
  5 griffons
  6 wizards
  A mana viper (shapeshifter) (Vaults:3)
  9 shadow dragon skeletons
  4 orc sorcerers
  7 cyclopes
  11 fire giant zombies
  6 wolf spider zombies
  42 rust devils
  38 sixfirhies
  A hornet (shapeshifter) (Vaults:3)
  6 human zombies
  2 worldbinders (Abyss:3)
  20 frost giant zombies
  2 wolf spiders (Vaults:3)
  9 iron dragon skeletons
  A hornet (Swamp:1)
  42 black mambas
  31 elephants
  10 fire giant skeletons
  2 apocalypse crabs (Abyss:3)
  13 dire elephant zombies
  18 vault sentinels
  12 guardian serpents
  11 stone giant skeletons
  3 shock serpent zombies
  24 salamanders
  11 frost giant skeletons
  A guardian serpent (shapeshifter) (Elf:2)
  5 shining eyes
  42 orange demons
  Joseph (D:8)
  3 titan simulacra
  6 centaur zombies
  4 ice statues
  An eye of devastation (Slime:2)
  2 centaur skeletons
  19 naga magi
  An eye of devastation (shapeshifter) (D:14)
  A salamander skeleton (Vaults:1)
  4 gargoyles (Crypt:3)
  24 spiny frogs
  77 smoke demons
  A torpor snail (Lair:7)
  16 molten gargoyles
  A shock serpent skeleton (Dis:1)
  9 dire elephant skeletons
  2 yellow draconian zombies
  20 efreet
  6 komodo dragons
  35 demonic crawlers
  93 red devils
  7 emperor scorpion zombies
  57 yaktaurs
  A catoblepas zombie (Tar:3)
  5 kobold demonologists
  2 anaconda simulacra
  An alligator snapping turtle skeleton (Crypt:2)
  3 yaktaurs (shapeshifter)
  A purple draconian skeleton (Pan)
  14 hellwings (Pan)
  2 fire drakes
  51 freezing wraiths
  87 tormentors
  43 guardian mummies
  8 ancient zymes
  7 harpy zombies
  A catoblepas skeleton (Dis:2)
  A death yak skeleton (Crypt:1)
  A golden dragon simulacrum (Coc:7)
  54 hellions
  4 silent spectres
  35 hydra zombies
  6 trolls
  4 jumping spiders
  34 raiju
  6 giant leeches
  2 iron dragon simulacra
  2 wolf spider simulacra
  19 deep elf priests
  A queen bee (shapeshifter) (Vaults:4)
  15 ice dragon zombies
  A shadow dragon simulacrum (Crypt:1)
  36 blue devils
  A troll (shapeshifter) (Depths:5)
  A frost giant simulacrum (Coc:7)
  Prince Ribbit (D:7)
  A polar bear (Lair:5)
  18 two-headed ogres
  7 harpy skeletons
  161 slime creatures
  14 fire dragon zombies
  5 air elementals
  15 alligator zombies
  A griffon zombie (Crypt:1)
  A snapping turtle (shapeshifter) (Depths:4)
  A stone giant simulacrum (Abyss:3)
  8 boulder beetles
  9 ushabtiu
  19 ettin zombies
  17 bog bodies
  22 blink frogs
  9 hydra skeletons
  26 vampires
  265 flying skulls
  A tarantella (Depths:2)
  14 fire dragon skeletons
  14 ice dragon skeletons
  A fire giant simulacrum (Abyss:3)
  2 wyverns (shapeshifter) (Depths:3)
  14 redbacks
  A dire elephant simulacrum (Coc:2)
  16 water elementals
  13 starcursed masses
  4 black mamba zombies
  A trapdoor spider (shapeshifter) (Vaults:5)
  3 wyverns
  5 alligator skeletons
  33 deep elf magi
  36 fire elementals
  63 wraiths
  63 shadows
  12 ettin skeletons
  50 yaks
  A black mamba skeleton (Dis:3)
  A hog (D:15)
  39 chaos spawn
  18 golden eyes
  98 large abominations
  A hog (shapeshifter) (Vaults:4)
  9 hungry ghosts
  The ghost of Musteatbrain the Skirmisher, an amateur DsFi (D:6)
  6 basilisks
  37 deep elf fighters
  59 ynoxinuls
  30 vampire mosquitoes
  An elf skeleton (Vaults:5)
  A hill giant skeleton (Crypt:1)
  Menkaure (D:5)
  8 hippogriffs
  45 neqoxecs
  A naga (shapeshifter) (Depths:2)
  2 ogre zombies
  19 swamp worms
  2 merfolk zombies (Dis:6)
  7 wargs
  A water moccasin (shapeshifter) (Elf:3)
  17 spatial vortices
  111 hell hounds
  A putrid demonspawn zombie (Crypt:1)
  A human simulacrum (Vaults:1)
  3 insubstantial wisps (Abyss:3)
  A steam dragon (D:14)
  11 spiny frog zombies
  60 nagas
  13 water moccasins
  A deep troll zombie (Crypt:1)
  2 soldier ants (shapeshifter)
  6 wolves
  A hydra simulacrum (Coc:2)
  2 ogre skeletons
  A soldier ant (D:13)
  A porcupine (shapeshifter) (Vaults:1)
  A mottled dragon (D:15)
  Duvessa (D:5)
  2 ettin simulacra
  47 orc warriors
  41 necrophages
  2 manticore zombies
  30 ice beasts
  22 wasps
  A putrid demonspawn skeleton (Crypt:2)
  2 swamp dragon zombies
  2 spiny frog skeletons
  5 swamp drakes
  9 phantoms
  A black bear (Lair:8)
  2 alligator simulacra
  A merfolk skeleton (Coc:7)
  6 porcupines
  16 eyes of draining
  9 sky beasts
  11 snapping turtle zombies
  47 ogres
  24 centaurs
  2 human skeletons
  A manticore skeleton (Coc:3)
  3 swamp dragon skeletons
  A tengu (Geh:6)
  10 snapping turtle skeletons
  15 crocodiles
  2 big kobolds
  A glowing shapeshifter simulacrum (Vaults:2)
  4 elf zombies
  A brain worm (Abyss:3)
  16 giant frogs
  8 spiny frog simulacra
  A yaktaur skeleton (Vaults:1)
  Dowan (D:5)
  A cyclops zombie (Crypt:1)
  A komodo dragon skeleton (Crypt:2)
  A polar bear zombie (Crypt:2)
  A wyvern skeleton (D:9)
  5 scorpions
  A spriggan zombie (Geh:7)
  A troll zombie (Crypt:3)
  2 water moccasin skeletons
  3 troll skeletons
  83 wights
  20 killer bees
  A spriggan skeleton (Tar:6)
  27 crimson imps
  5 quasits
  2 lava snakes (Volcano)
  58 iron imps
  40 jellies
  A giant frog skeleton (D:8)
  19 orc priests
  6 hounds
  37 orc wizards
  10 hell rats
  6 worker ants
  11 iguanas
  16 sheep
  2 tengu zombies
  A tengu skeleton (Pan)
  A hound zombie (D:8)
  A hound skeleton (D:9)
  55 mummies
  4 worker ant zombies
  31 river rats
  12 adders
  9 gnolls
  22 shadow imps
  36 white imps
  2 giant eyeballs (Depths:5)
  7 oozes
  6 ufetubi
  An adder zombie (D:7)
  A sheep skeleton (Crypt:1)
  3 worms
  2 giant geckos
  143 orcs
  4 giant cockroaches
  8 goblins
  4 hobgoblins
  11 jackals
  4 quokkas
  3 ball pythons
  5 bats
  8 giant newts
  A jackal zombie (D:5)
  15 kobolds
  2 quokka skeletons
  9 rats
  A briar patch (Swamp:2)
  A butterfly (Lair:3)
  4 crawling corpses (Vaults:5)
  3 fire vortices
  5 fungi
  2 lurking horrors
  A plant (Lair:8)
  14 starspawn tentacles (Abyss:3)
  3 tentacles
6949 creatures vanquished.

Vanquished Creatures (collateral kills)
  Dispater (Dis:7)
  3 greater mummies (Tomb:1)
  3 Brimstone Fiends
  3 Ice Fiends
  A Hell Sentinel (Dis:7)
  A pandemonium lord (Pan)
  An acid blob (Slime:6)
  A Shadow Fiend (Tar:7)
  2 azure jellies (Slime:6)
  A balrug (Geh:2)
  2 war gargoyles (Dis:7)
  5 reapers
  A lorocyproca (Pan)
  A green death (Pan)
  2 blizzard demons
  3 death oozes (Slime:6)
  A quicksilver dragon skeleton (Tar:6)
  A monstrous demonspawn (Pan)
  A titan zombie (Tomb:2)
  5 soul eaters (Pan)
  A sun demon (Pan)
  7 skeletal warriors
  3 hell knights
  An iron golem (Dis:7)
  A death scarab (Tomb:3)
  3 titan skeletons
  An iron troll (Dis:7)
  A shadow demon (Pan)
  2 storm dragon skeletons
  A flayed ghost (Tar:6)
  An anubis guard (Tomb:3)
  2 ice devils (Pan)
  2 infernal demonspawn (Pan)
  A phantasmal warrior (Tar:7)
  3 fire giant zombies
  2 frost giant skeletons (Tar:6)
  An iron dragon skeleton (Tar:7)
  2 rust devils (Dis:7)
  A smoke demon (Pan)
  An orange demon (Pan)
  6 tormentors
  A dire elephant skeleton (Tar:7)
  A hellion (Geh:2)
  5 red devils
  2 blue devils
  2 guardian mummies
  A hydra skeleton (Coc:7)
  A fire dragon zombie (Geh:2)
  2 vampires
  An ettin zombie (Dis:7)
  6 flying skulls
  2 ynoxinuls (Pan)
  An ettin skeleton (Tar:6)
  A shadow (Tar:6)
  2 chaos spawn (Pan)
  A neqoxec (Pan)
  A fire elemental (Geh:3)
  8 hell hounds
  A necrophage (Tar:6)
  2 snapping turtle skeletons
  2 wights (Tar:7)
  A crimson imp (Pan)
  3 iron imps (Dis:7)
  A mummy (Tomb:3)
130 creatures vanquished.

Vanquished Creatures (others)
  Ereshkigal (Tar:7)
  2 eldritch tentacles
  A storm dragon (Vaults:5)
  A blood saint (Pan)
  A very ugly thing (Vaults:5)
  An elemental wellspring (Coc:2)
  A stone giant (Crypt:2)
  A hell beast (Pan)
  7 death scarabs (Tomb:2)
  A shadow demon (Pan)
  An ugly thing (Vaults:5)
  2 vault sentinels
  A komodo dragon (Lair:8)
  A hellion (Pan)
  A hellwing (Pan)
  A hydra skeleton (Coc:7)
  An ettin zombie (Geh:2)
  A shadow (D:15)
  A two-headed ogre (D:9)
  An ice dragon zombie (Coc:4)
  2 ynoxinuls
  A spriggan (Depths:4)
  A flying skull (Coc:7)
  A black mamba skeleton (Geh:6)
  2 nagas (Snake:4)
  An orc warrior (D:9)
  A wasp (Depths:4)
  2 ogres
  2 necrophages
  An ice dragon simulacrum (Depths:1)
  A big kobold (D:9)
  3 iron imps
  A hound (D:9)
  A human skeleton (Geh:4)
  An iguana (D:9)
  2 worker ants (D:9)
  A hell rat (Hell)
  A small abomination (Abyss:3)
  A tengu skeleton (Geh:7)
  A mummy (Tomb:2)
  A shadow imp (Tar:6)
  An orc (D:5)
  A quokka (D:9)
  A crawling corpse (Vaults:5)
  318 eldritch tentacle segments
  2 fire vortices (Vaults:5)
  8 fungi
  10 lost souls
  2 lurking horrors (Abyss:3)
  4 plants
  4 spectral weapons (Pan)
  10 starspawn tentacles (Abyss:3)
  69 starspawn tentacle segments (Abyss:3)
  15 tentacles
  135 tentacle segments
636 creatures vanquished.

Grand Total: 7715 creatures vanquished

Notes
Turn   | Place    | Note
--------------------------------------------------------------
     0 | D:1      | n00bb0dy the Vine Stalker Warper began the quest for the Orb.
     0 | D:1      | Reached XP level 1. HP: 11/11 MP: 4/4
   143 | D:1      | Reached XP level 2. HP: 10/15 MP: 6/6
   773 | D:1      | Learned a level 2 spell: Blink
   776 | D:1      | Learned a level 2 spell: Shroud of Golubria
  1075 | D:2      | Reached XP level 3. HP: 14/18 MP: 5/7
  1255 | D:2      | Reached XP level 4. HP: 20/23 MP: 8/8
  1350 | D:2      | Found a radiant altar of Vehumet.
  1693 | D:3      | Reached skill level 4 in Maces & Flails
  1789 | D:3      | Found a stormy altar of Qazlal.
  2337 | D:4      | Reached XP level 5. HP: 20/26 MP: 9/9
  2384 | D:4      | Reached skill level 5 in Maces & Flails
  2389 | D:4      | Learned a level 3 spell: Teleport Other
  2433 | D:4      | Found a stormy altar of Qazlal.
  2530 | D:4      | Found Onimutet's Gadget Boutique.
  2570 | D:4      | Gained mutation: You heal very quickly. [Vine Stalker growth]
  2570 | D:4      | Reached XP level 6. HP: 26/30 MP: 8/10
  2640 | D:4      | Noticed an ogre
  2654 | D:4      | Killed an ogre
  2654 | D:4      | Reached skill level 6 in Maces & Flails
  2867 | D:4      | Noticed an eye of draining
  2868 | D:4      | Found a bloodstained altar of Trog.
  2869 | D:4      | Noticed an eye of draining
  2927 | D:4      | Killed an eye of draining
  2927 | D:4      | Reached XP level 7. HP: 34/34 MP: 6/11
  2962 | D:4      | Killed an eye of draining
  2962 | D:4      | Reached skill level 7 in Maces & Flails
  3031 | D:5      | Entered Level 5 of the Dungeon
  3230 | D:5      | Reached skill level 8 in Maces & Flails
  3274 | D:5      | Found a blossoming altar of Fedhas.
  3283 | D:5      | Gained mutation: You have razor-sharp teeth. [Vine Stalker growth]
  3283 | D:5      | Reached XP level 8. HP: 38/38 MP: 12/12
  3726 | D:6      | Reached skill level 9 in Maces & Flails
  3728 | D:6      | Found a staircase to the Ecumenical Temple.
  3746 | Temple   | Entered the Ecumenical Temple
  3862 | Temple   | Became a worshipper of Warmaster Okawaru
  4048 | D:6      | Noticed Musteatbrain's ghost (amateur DsFi)
  4290 | D:5      | Noticed Menkaure
  4648 | D:6      | Killed Musteatbrain's ghost
  4713 | D:6      | Reached skill level 10 in Maces & Flails
  4713 | D:6      | Reached XP level 9. HP: 28/44 MP: 9/13
  4764 | D:6      | Reached * piety under Okawaru
  5344 | D:5      | Found a sacrificial altar of Ru.
  5423 | D:5      | Noticed Dowan
  5429 | D:5      | Noticed Duvessa
  5450 | D:5      | Killed Duvessa
  5454 | D:5      | Killed Dowan
  5533 | D:5      | Found Gozag's Platinum Reserve.
  5533 | D:5      | Found an opulent altar of Gozag.
  5622 | D:5      | Killed Menkaure
  5999 | D:7      | Reached ** piety under Okawaru
  6064 | D:7      | Found a shadowy altar of Dithmenos.
  6069 | D:7      | Found a shadowy altar of Dithmenos.
  6119 | D:7      | Reached skill level 11 in Maces & Flails
  6285 | D:7      | Reached skill level 1 in Armour
  6316 | D:7      | Found a burning altar of Makhleb.
  6333 | D:7      | Noticed Prince Ribbit
  6341 | D:7      | Killed Prince Ribbit
  6397 | D:7      | Noticed Kloppie's ghost (novice GrFi)
  6455 | D:6      | Reached skill level 5 in Fighting
  6765 | D:7      | Found a deep blue altar of Sif Muna.
  6877 | D:8      | Reached XP level 10. HP: 47/51 MP: 14/14
  7019 | D:8      | Reached skill level 1 in Shields
  7054 | D:8      | Found a basalt altar of Yredelemnul.
  7056 | D:8      | Noticed a profane servitor
  7078 | D:8      | Reached *** piety under Okawaru
  7090 | D:8      | Found an ancient bone altar of Kikubaaqudgha.
  7138 | D:8      | Noticed Joseph
  7166 | D:8      | Killed Joseph
  7382 | D:8      | Noticed a hill giant
  7411 | D:8      | Found a glowing golden altar of the Shining One.
  7458 | D:8      | Killed a hill giant
  7508 | D:8      | Found a shattered altar of Ashenzari.
  7647 | D:8      | Noticed an angel
  7846 | D:9      | Found a staircase to the Orcish Mines.
  7856 | D:9      | Reached **** piety under Okawaru
  8053 | D:9      | Noticed an obsidian statue
  8370 | D:9      | Found a shimmering altar of Xom.
  8419 | D:9      | Noticed an orange crystal statue
  8442 | D:10     | Entered Level 10 of the Dungeon
  8443 | D:10     | Found a staircase to the Lair.
  8448 | D:10     | Noticed an elephant
  8484 | D:10     | Killed an elephant
  8484 | D:10     | Reached skill level 12 in Maces & Flails
  8484 | D:10     | Reached XP level 11. HP: 29/57 MP: 10/15
  8641 | D:10     | Noticed Zrachosh's ghost (novice OgBe)
  8994 | D:10     | Reached ***** piety under Okawaru
  9368 | D:8      | Reached skill level 5 in Armour
  9569 | D:10     | Got a dazzling flail
  9570 | D:10     | Identified the +5 flail "Neogih" {crush, +Blink} (You found it on level 10 of the Dungeon)
  9792 | D:11     | Noticed a hill giant
  9821 | D:11     | Killed a hill giant
  9956 | D:11     | Reached skill level 5 in Shields
  9998 | D:11     | Noticed a five-headed hydra
 10007 | D:11     | Killed a five-headed hydra
 10007 | D:11     | Received a gift from Okawaru
 10010 | D:11     | Got an encrusted hat {god gift}
 10025 | D:11     | Noticed a hill giant
 10217 | D:12     | Noticed a hill giant
 10227 | D:12     | Killed a hill giant
 10537 | D:12     | Noticed a hill giant
 10543 | D:12     | Killed a hill giant
 10587 | D:11     | Killed a hill giant
 10695 | D:11     | Identified the +0 hat of Semaut {rC++ Regen+ Str-4 Stlth+} (Okawaru gifted it to you on level 11 of the Dungeon)
 10753 | D:11     | Found a burning altar of Makhleb.
 10768 | D:11     | Gained mutation: You regenerate. [Vine Stalker growth]
 10768 | D:11     | Reached XP level 12. HP: 39/63 MP: 10/16
 10859 | D:11     | Found a sparkling altar of Nemelex Xobeh.
 11110 | D:11     | Killed an unseen horror
 11386 | Lair:1   | Entered Level 1 of the Lair of Beasts
 11465 | Lair:1   | Found a sparkling altar of Nemelex Xobeh.
 11606 | Lair:1   | Reached skill level 13 in Maces & Flails
 11968 | Lair:1   | Reached ****** piety under Okawaru
 12188 | Lair:2   | Noticed a seven-headed hydra
 12436 | Lair:2   | Noticed a death yak
 12481 | Lair:2   | Received a gift from Okawaru
 12506 | Lair:2   | Noticed a death yak
 12507 | Lair:2   | Noticed a death yak
 12533 | Lair:2   | Killed a death yak
 12540 | Lair:2   | Killed a death yak
 12544 | Lair:2   | Noticed a seven-headed hydra
 12555 | Lair:2   | Killed a seven-headed hydra
 12566 | Lair:2   | Killed a death yak
 12793 | Lair:2   | Killed a seven-headed hydra
 12809 | Lair:2   | Reached XP level 13. HP: 46/70 MP: 17/17
 13030 | Lair:2   | Noticed a seven-headed hydra
 13040 | Lair:2   | Killed a seven-headed hydra
 13367 | Lair:3   | Found a staircase to the Swamp.
 13419 | Lair:3   | Reached skill level 14 in Maces & Flails
 13582 | Lair:3   | Found a staircase to the Snake Pit.
 14531 | Lair:4   | Found a frozen archway.
 14577 | IceCv    | Entered an ice cave
 14636 | IceCv    | Received a gift from Okawaru
 14653 | IceCv    | Got an ancient cloak {god gift}
 14664 | IceCv    | Identified the +1 cloak of Tiegrom {rPois Regen+ Str-2} (Okawaru gifted it to you in an ice cave)
 15057 | Lair:4   | Found a labyrinth entrance.
 15067 | Lab      | Entered a labyrinth
 15509 | Lab      | Noticed a minotaur
 15532 | Lab      | Killed a minotaur
 15532 | Lab      | Reached skill level 10 in Fighting
 15547 | Lab      | Identified Vibroj's Incunabulum of the Rocks and Transmigration
 16007 | Lair:4   | Reached skill level 5 in Dodging
 16429 | Lair:4   | Reached XP level 14. HP: 39/77 MP: 16/18
 16862 | Lair:5   | Identified Iskenderun's Volume of Attacks
 17022 | Lair:5   | Reached skill level 10 in Armour
 17237 | Lair:5   | Noticed Clownie's ghost (journeyman FoFi)
 17535 | D:10     | Killed Zrachosh's ghost
 17579 | D:7      | Killed Kloppie's ghost
 17616 | D:9      | Killed an orange crystal statue
 17700 | D:9      | Killed an obsidian statue
 17736 | Orc:1    | Entered Level 1 of the Orcish Mines
 17746 | Orc:1    | Noticed Snorg
 17870 | Orc:1    | Killed Snorg
 17870 | Orc:1    | Received a gift from Okawaru
 17969 | Orc:1    | Found Yrroac's Distillery.
 17977 | Orc:1    | Noticed Nergalle
 17999 | Orc:1    | Killed Nergalle
 18062 | Orc:2    | Found a roughly hewn altar of Beogh.
 18460 | Orc:1    | Found Jeiskaoh's Armour Emporium.
 18470 | Orc:1    | Bought the +2 pair of fencer's gloves {LBl+4 SBl+4 EV+3 Dex+6} for 607 gold pieces
 18492 | Orc:1    | Found Vanletoepp's Jewellery Emporium.
 18501 | Orc:1    | Bought a cursed amulet of inaccuracy for 26 gold pieces
 18814 | Orc:3    | Found a staircase to the Elven Halls.
 18847 | Orc:3    | Noticed a stone giant
 18867 | Orc:3    | Killed a stone giant
 19570 | Orc:4    | Entered Level 4 of the Orcish Mines
 19683 | Orc:4    | Noticed Josephine
 19840 | Orc:3    | Killed Josephine
 20140 | Orc:4    | Noticed an orc warlord
 20794 | Orc:3    | Killed an orc warlord
 20794 | Orc:3    | Received a gift from Okawaru
 20829 | Orc:4    | Found a roughly hewn altar of Beogh.
 20839 | Orc:4    | Found Myuxut's Antique Armour Shoppe.
 20876 | Orc:4    | Bought a dazzling buckler for 256 gold pieces
 20981 | Orc:4    | Found Wurhunn's General Store.
 21126 | Orc:4    | Found Gutuj's Jewellery Shoppe.
 21142 | Orc:4    | Found Ruzusar's Antique Weapon Shoppe.
 21499 | Lair:5   | Killed Clownie's ghost
 21815 | Lair:6   | Reached XP level 15. HP: 57/84 MP: 19/19
 22038 | Lair:6   | Noticed Kloppie's ghost (journeyman MiFi)
 22083 | Lair:6   | Killed Kloppie's ghost
 22083 | Lair:6   | Received a gift from Okawaru
 22563 | Lair:7   | Identified a +1 rod of shadows (13/13) (You found it on level 6 of the Lair of Beasts)
 22565 | Lair:7   | Identified the +3 buckler of the Land of Plenty {rF+ rC+ Regen+} (You bought it in a shop on level 4 of the Orcish Mines)
 22642 | Lair:7   | Found a dark tunnel.
 22693 | Volcano  | Entered a volcano
 22954 | Volcano  | Found a bloodstained altar of Trog.
 23420 | Lair:7   | Learned a level 4 spell: Force Lance
 24171 | Lair:8   | Entered Level 8 of the Lair of Beasts
 25053 | D:12     | Noticed a hill giant
 25061 | D:12     | Killed a hill giant
 26428 | D:14     | Received a gift from Okawaru
 26613 | D:14     | Found a gate to the Vaults.
 27202 | D:15     | Entered Level 15 of the Dungeon
 27206 | D:15     | Received a gift from Okawaru
 27247 | D:15     | Reached XP level 16. HP: 77/91 MP: 20/20
 27552 | D:15     | Found a staircase to the Depths.
 27617 | D:15     | Received a gift from Okawaru
 27629 | D:15     | Got a scorched brass ring
 27632 | D:15     | Identified the ring "Bargh" {+Inv +Fly rF+ MR+ Dex+4} (You found it on level 15 of the Dungeon)
 27709 | D:15     | Found Sosuc's Armour Shoppe.
 27779 | D:15     | Got a smoking marble ring
 27783 | D:15     | Identified the ring "Vimaj" {+Blink rF+ MP+9 Str-5 Int+4} (You found it on level 15 of the Dungeon)
 27806 | D:15     | Noticed a tengu reaver
 27855 | D:15     | Killed a tengu reaver
 27921 | D:15     | Found Kimo's Antique Weapon Shop.
 27978 | D:15     | Got a wavering bronze ring
 28389 | D:15     | Noticed Kirke
 28398 | D:15     | Killed Kirke
 28425 | D:15     | Got a pitted golden ring
 28428 | D:15     | Identified the ring of Qulon {+/*Tele rPois} (You took it off a centaur on level 15 of the Dungeon)
 28430 | D:15     | Identified the ring "Zotar" {Ice Int+3} (You found it on level 15 of the Dungeon)
 28450 | D:15     | Found Ripniati's Magic Scroll Boutique.
 28459 | D:15     | Bought a scroll of silence for 120 gold pieces
 28459 | D:15     | Bought a scroll of enchant armour for 120 gold pieces
 28460 | D:15     | Identified a scroll of acquirement
 28474 | D:15     | Got a pair of warped gloves
 28485 | D:15     | Identified the +1 pair of gloves of Parts Unknown {+Fly Int+4} (You acquired it on level 15 of the Dungeon)
 28537 | Depths:1 | Entered Level 1 of the Depths
 29130 | Lair:8   | Received a gift from Okawaru
 29214 | Lair:8   | Reached XP level 17. HP: 98/98 MP: 21/21
 29379 | Lair:8   | Reached skill level 15 in Fighting
 29593 | Lair:8   | Found a staircase to the Slime Pits.
 30165 | Swamp:1  | Entered Level 1 of the Swamp
 30300 | Swamp:1  | Noticed Donald
 30315 | Swamp:1  | Killed Donald
 31748 | Swamp:3  | Received a gift from Okawaru
 32639 | Swamp:4  | Entered Level 4 of the Swamp
 32682 | Swamp:4  | Noticed Mara
 32711 | Swamp:4  | Noticed n00bb0dy's illusion
 32716 | Swamp:4  | Killed Mara
 32716 | Swamp:4  | Reached skill level 16 in Fighting
 33093 | Swamp:4  | Reached XP level 18. HP: 88/105 MP: 23/25
 33097 | Swamp:4  | Received a gift from Okawaru
 33167 | Swamp:4  | Noticed a tentacled monstrosity
 33196 | Swamp:4  | Received a gift from Okawaru
 33227 | Swamp:4  | Killed a tentacled monstrosity
 33368 | Swamp:4  | Got a decaying rune of Zot
 33878 | Snake:1  | Entered Level 1 of the Snake Pit
 34019 | Snake:1  | Reached skill level 5 in Spellcasting
 34194 | Snake:1  | Reached skill level 10 in Dodging
 35171 | Snake:2  | Noticed Nikola
 35184 | Snake:2  | You are sucked into a shaft!
 35200 | Snake:3  | Received a gift from Okawaru
 35390 | Snake:3  | Got a warped scythe {holy}
 35396 | Snake:3  | Identified the +6 scythe of Wounding {holy, rF+} (You took it off a naga ritualist on level 3 of the Snake Pit)
 35518 | Snake:3  | Noticed Agnes
 35527 | Snake:3  | Killed Agnes
 35527 | Snake:3  | Reached skill level 17 in Fighting
 35557 | Snake:3  | Gained mutation: Your spells are a little harder to cast, but a little more powerful. [potion of beneficial mutation]
 35605 | Snake:3  | Noticed Aizul
 35606 | Snake:3  | Noticed Azrael
 35632 | Snake:3  | Killed Aizul
 35663 | Snake:3  | Killed Azrael
 37041 | Snake:2  | Reached skill level 15 in Armour
 37189 | Snake:2  | Reached XP level 19. HP: 110/112 MP: 27/29
 37306 | Snake:4  | Entered Level 4 of the Snake Pit
 37495 | Snake:4  | Noticed Vashnia
 37538 | Snake:4  | Killed Vashnia
 38073 | Snake:4  | Received a gift from Okawaru
 38862 | Snake:4  | Got a serpentine rune of Zot
 39058 | Snake:4  | Noticed grerr's ghost (adept FoFi)
 39108 | Snake:4  | Killed grerr's ghost
 39131 | Snake:4  | Noticed Louise
 39150 | Snake:4  | Killed Louise
 39243 | Snake:4  | Reached skill level 18 in Fighting
 39247 | Snake:4  | Received a gift from Okawaru
 39309 | Snake:2  | Reached skill level 1 in Evocations
 39340 | Snake:2  | Killed Nikola
 39342 | Snake:2  | Reached XP level 20. HP: 113/119 MP: 32/32
 40283 | Vaults:1 | Entered Level 1 of the Vaults
 41083 | Vaults:1 | Received a gift from Okawaru
 41084 | Vaults:1 | Got a steaming dire flail {god gift}
 42151 | Vaults:2 | Received a gift from Okawaru
 42277 | Vaults:2 | Found Ruunupp's Antique Armour Shop.
 42285 | Vaults:2 | Bought a runed cloak for 139 gold pieces
 42333 | Vaults:2 | Found Lacilec's Armour Shoppe.
 42599 | Vaults:2 | Found a staircase to the Crypt.
 42599 | Vaults:2 | Found a basalt altar of Yredelemnul.
 42599 | Vaults:2 | Found an ancient bone altar of Kikubaaqudgha.
 42625 | Vaults:2 | Found a portal to a secret trove of treasure.
 43140 | Vaults:3 | Reached XP level 21. HP: 125/125 MP: 34/34
 43151 | Vaults:3 | Reached skill level 19 in Fighting
 43753 | Vaults:3 | Reached skill level 5 in Translocations
 43811 | Vaults:3 | Received a gift from Okawaru
 44231 | Vaults:4 | Received a gift from Okawaru
 44542 | Vaults:4 | Found Ruixziru's Distillery.
 44548 | Vaults:4 | Bought a potion of degeneration for 10 gold pieces
 44548 | Vaults:4 | Bought a potion of magic for 80 gold pieces
 46135 | Elf:1    | Entered Level 1 of the Elven Halls
 46150 | Elf:1    | Received a gift from Okawaru
 46291 | Elf:1    | Found Ughuhod's Armour Emporium.
 46967 | Elf:2    | Found a magical portal.
 46972 | WizLab   | Entered Doroklohe's Tomb
 47311 | Elf:2    | Found Ziket's Jewellery Emporium.
 47389 | Elf:2    | Found Uvoppoq's Armour Emporium.
 47561 | Elf:2    | Reached XP level 22. HP: 133/133 MP: 36/36
 47677 | Elf:2    | Reached skill level 10 in Spellcasting
 47685 | Elf:2    | Found a huge runed gate.
 47685 | Elf:2    | Found a huge runed gate.
 47685 | Elf:2    | Found a huge runed gate.
 47685 | Elf:2    | Found a huge runed gate.
 47685 | Elf:2    | Found a huge runed gate.
 47790 | Elf:2    | Reached skill level 20 in Fighting
 48181 | Elf:3    | Entered Level 3 of the Elven Halls
 48482 | Elf:3    | Found Hiusuesch's General Store.
 48502 | Elf:3    | Bought a scroll of enchant armour for 112 gold pieces
 49188 | Elf:3    | Received a gift from Okawaru
 49500 | Elf:3    | Got a steaming golden amulet
 49518 | Elf:3    | Identified the amulet "Bishroc" {rCorr MR+ Int+2 Slay-4} (You took it off a deep elf mage on level 3 of the Elven Halls)
 49522 | Elf:3    | Got a shimmering steel ring
 49530 | Elf:3    | Identified the ring "Tumept" {*Contam rC+ Str+4 Stlth+} (You took it off a deep elf mage on level 3 of the Elven Halls)
 50031 | D:15     | Gained mutation: You can breathe flames. [potion of beneficial mutation]
 51069 | Vaults:5 | Entered Level 5 of the Vaults
 51170 | Vaults:5 | Found Yrutso's Distillery.
 51379 | Vaults:5 | Noticed an ancient lich
 51508 | Vaults:5 | Got a silver rune of Zot
 51570 | Vaults:5 | Received a gift from Okawaru
 51621 | Vaults:4 | Reached XP level 23. HP: 91/138 MP: 39/39
 51861 | Vaults:5 | Noticed Xtahua
 52138 | Vaults:5 | Noticed Jorgrun
 52142 | Vaults:5 | Killed an ancient lich
 52142 | Vaults:5 | Reached skill level 21 in Fighting
 52170 | Vaults:5 | Received a gift from Okawaru
 52198 | Vaults:5 | Killed Jorgrun
 52716 | Vaults:5 | Received a gift from Okawaru
 52748 | Vaults:5 | Reached XP level 24. HP: 99/145 MP: 40/40
 53315 | D:8      | Fell from the grace of Okawaru
 53315 | D:8      | Became a worshipper of the Shining One
 54086 | Vaults:5 | Reached * piety under the Shining One
 54121 | Vaults:5 | Killed Xtahua
 54156 | Vaults:5 | Found Cesudi's Distillery.
 54165 | Vaults:5 | Bought a potion of beneficial mutation for 595 gold pieces
 54165 | Vaults:5 | Gained mutation: You have large cloven feet. [potion of beneficial mutation]
 54464 | Vaults:5 | Reached skill level 10 in Translocations
 54676 | Vaults:5 | Found Netelury's Distillery.
 54843 | Crypt:1  | Entered Level 1 of the Crypt
 54861 | Crypt:1  | Reached ** piety under the Shining One
 55023 | Crypt:1  | Noticed Khufu
 55023 | Crypt:1  | Noticed a greater mummy
 55023 | Crypt:1  | Reached *** piety under the Shining One
 55023 | Crypt:1  | Noticed a greater mummy
 55024 | Crypt:1  | Noticed a greater mummy
 55335 | Depths:1 | Found a gateway to a ziggurat.
 55498 | Depths:1 | Got a warped platinum ring
 56246 | Depths:1 | Found a gateway to Hell.
 56246 | Depths:1 | Reached **** piety under the Shining One
 56591 | Depths:2 | Found an opulent altar of Gozag.
 56828 | Depths:2 | Reached ***** piety under the Shining One
 56876 | Depths:2 | Reached skill level 22 in Fighting
 57159 | Depths:2 | Got a transparent dire flail
 57403 | Depths:3 | Found Liniq's Distillery.
 57411 | Depths:3 | Reached XP level 25. HP: 151/151 MP: 40/40
 57497 | Depths:3 | Noticed Norris
 57521 | Depths:3 | Killed Norris
 57785 | Depths:3 | Found a one-way gate leading to the halls of Pandemonium.
 58488 | Depths:3 | Identified the ring of Greed {rN++ MR- Dex+5 Slay-4 Stlth+} (You found it on level 1 of the Depths)
 59169 | Depths:4 | Noticed Frederick
 59250 | Depths:4 | Found Ucurrof's Gadget Shop.
 59293 | Depths:4 | Found a one-way gate to the infinite horrors of the Abyss.
 59293 | Depths:4 | Reached ****** piety under the Shining One
 59422 | Depths:3 | Killed Frederick
 59578 | Depths:4 | Found a flickering gateway to a bazaar.
 59587 | Bazaar   | Entered a bazaar
 59587 | Bazaar   | Found Oqutsu's Antique Armour Boutique.
 59587 | Bazaar   | Found Ymotujop's Gadget Boutique.
 59605 | Bazaar   | Found Bocoanti's Antique Weapon Emporium.
 59629 | Bazaar   | Found Kiumih's General Store.
 59637 | Bazaar   | Found Uhaogoniq's Distillery.
 59682 | Bazaar   | Bought the +8 orange crystal plate armour {Archmagi, Int+3 Clar SustAt} for 4380 gold pieces
 59715 | Bazaar   | Bought a scroll of summoning for 104 gold pieces
 59723 | Bazaar   | Bought a potion of agility for 52 gold pieces
 59723 | Bazaar   | Bought a potion of brilliance for 52 gold pieces
 59723 | Bazaar   | Bought a potion of curing for 39 gold pieces
 59818 | Depths:4 | Identified a +4 sacred scourge of holy wrath (a +2 demon whip of venom blessed by the Shining One)
 59818 | Depths:4 | Received a gift from the Shining One
 60006 | D:15     | Learned a level 3 spell: Spectral Weapon
 60255 | Vaults:2 | Killed a greater mummy
 60529 | Crypt:1  | Killed Khufu
 60536 | Vaults:2 | Killed a greater mummy
 61067 | Crypt:1  | Noticed Boris
 61073 | Crypt:1  | Killed Boris
 61178 | Crypt:1  | Killed a greater mummy
 61178 | Crypt:1  | Reached XP level 26. HP: 140/158 MP: 37/41
 61399 | Crypt:2  | Noticed Jory
 61411 | Crypt:2  | Killed Jory
 61419 | Crypt:2  | Reached skill level 1 in Invocations
 61562 | Crypt:2  | Noticed Sojobo
 61607 | Crypt:2  | Killed Sojobo
 61974 | Crypt:2  | Reached skill level 5 in Invocations
 62161 | Crypt:2  | Noticed Boris
 62178 | Crypt:2  | Killed Boris
 62442 | Crypt:3  | Entered Level 3 of the Crypt
 63211 | Crypt:3  | Found an ancient bone altar of Kikubaaqudgha.
 63220 | Crypt:3  | Noticed an ancient lich
 63237 | Crypt:3  | Killed an ancient lich
 63237 | Crypt:3  | Reached skill level 10 in Invocations
 63293 | Crypt:3  | Identified a +3 rod of inaccuracy (11/11) (You found it on level 1 of the Crypt)
 63299 | Crypt:3  | Noticed an ancient lich
 63328 | Crypt:3  | Killed an ancient lich
 63682 | Crypt:3  | Found a staircase to the Tomb.
 63706 | Crypt:3  | Identified Cinlin's Guide on Battle Magic and Beguiling
 63760 | Crypt:3  | Was forgiven by Okawaru
 64005 | Crypt:3  | Identified Sif Muna's Incunabulum of Harmful Heat
 64381 | Tomb:1   | Entered Level 1 of the Tomb of the Ancients
 64468 | Tomb:1   | Identified a +0 pair of boots of running (You found it on level 1 of the Tomb of the Ancients)
 64497 | Tomb:1   | Reached skill level 23 in Fighting
 64524 | Tomb:1   | Reached XP level 27. HP: 164/164 MP: 41/41
 64558 | Tomb:1   | Noticed a greater mummy
 64581 | Tomb:1   | Killed a greater mummy
 64615 | Tomb:1   | Paralysed by the power of Zot for 2 turns
 64631 | Tomb:1   | Noticed a greater mummy
 64639 | Tomb:1   | Killed a greater mummy
 65728 | Tomb:2   | Reached skill level 24 in Fighting
 67242 | Tomb:1   | Noticed a greater mummy
 67242 | Tomb:1   | Noticed a greater mummy
 67242 | Tomb:1   | Noticed a greater mummy
 67268 | Tomb:1   | Killed a greater mummy
 67357 | Tomb:1   | Killed a greater mummy
 67377 | Tomb:1   | Killed a greater mummy
 67406 | Tomb:1   | Noticed a greater mummy
 67415 | Tomb:1   | Killed a greater mummy
 67416 | Tomb:1   | Noticed a greater mummy
 67424 | Tomb:1   | Killed a greater mummy
 67425 | Tomb:1   | Noticed a greater mummy
 67425 | Tomb:1   | Noticed a greater mummy
 67436 | Tomb:1   | Killed a greater mummy
 67441 | Tomb:1   | Noticed a greater mummy
 67449 | Tomb:1   | Killed a greater mummy
 67583 | Tomb:1   | Killed a greater mummy
 67605 | Tomb:1   | Noticed a greater mummy
 67622 | Tomb:1   | Killed a greater mummy
 67622 | Tomb:1   | Reached skill level 25 in Fighting
 67661 | Tomb:1   | Noticed a greater mummy
 67665 | Tomb:1   | Noticed a greater mummy
 67672 | Tomb:1   | Noticed a greater mummy
 67672 | Tomb:1   | Killed a greater mummy
 67673 | Tomb:1   | Noticed a greater mummy
 67675 | Tomb:1   | Noticed a greater mummy
 67694 | Tomb:1   | Killed a greater mummy
 67707 | Tomb:1   | Noticed a greater mummy
 67717 | Tomb:1   | Killed a greater mummy
 67878 | Tomb:1   | Killed a greater mummy
 67888 | Tomb:1   | Killed a greater mummy
 67903 | Tomb:1   | Killed a greater mummy
 67949 | Tomb:1   | Noticed a greater mummy
 67968 | Tomb:1   | Killed a greater mummy
 68036 | Tomb:1   | Noticed a greater mummy
 68040 | Tomb:1   | Noticed a greater mummy
 68060 | Tomb:1   | Killed a greater mummy
 68069 | Tomb:1   | Killed a greater mummy
 68072 | Tomb:1   | Noticed a greater mummy
 68081 | Tomb:1   | Killed a greater mummy
 68109 | Tomb:1   | Noticed a greater mummy
 68116 | Tomb:1   | Noticed a greater mummy
 68125 | Tomb:1   | Killed a greater mummy
 68130 | Tomb:1   | Killed a greater mummy
 68319 | Tomb:2   | Reached skill level 26 in Fighting
 68451 | Tomb:3   | Entered Level 3 of the Tomb of the Ancients
 69648 | Tomb:3   | Identified Iskenderun's Collected Works on Igneous Battle Magic
 69798 | Tomb:3   | Reached skill level 27 in Fighting
 69814 | Tomb:3   | Got a golden rune of Zot
 69998 | Tomb:3   | Got a slimy pewter ring
 70007 | Tomb:3   | Identified the Disquisition on the Fiery Oath
 70021 | Tomb:3   | Got a sparkling glass ring
 70034 | Tomb:3   | Identified the ring "Lysmaul" {rC- rN++ MR+ Str+11} (You found it on level 3 of the Tomb of the Ancients)
 70088 | Tomb:3   | Got a crude silver ring
 70091 | Tomb:3   | Got a steaming garnet amulet
 70123 | Tomb:3   | Identified Rifuastibri's Reference Book on Icy Black Magic (You found it on level 3 of the Tomb of the Ancients)
 70799 | D:15     | Identified the ring "Jevarer" {MR++ MP+9 Str+3 Stlth-} (You found it on level 3 of the Tomb of the Ancients)
 70800 | D:15     | Identified the amulet of Music {Spirit -Tele rPois MP+9} (You found it on level 3 of the Tomb of the Ancients)
 70801 | D:15     | Identified the ring "Ocwaulla" {SustAt rN+ Int+2 Dex+3} (You found it on level 3 of the Tomb of the Ancients)
 71258 | Slime:1  | Entered Level 1 of the Pits of Slime
 72183 | Slime:3  | Reached skill level 15 in Dodging
 74127 | Slime:6  | Entered Level 6 of the Pits of Slime
 74522 | Slime:6  | Noticed the royal jelly
 74599 | Slime:6  | Found a viscous altar of Jiyva.
 74872 | Slime:6  | Killed the royal jelly
 75050 | Slime:6  | Identified Iskenderun's Papyrus of Confrontation and Fire
 75065 | Slime:6  | Identified the Compendium of Malediction and Dislocation
 75101 | Slime:6  | Identified Sif Muna's Collected Works on the Hurtful Oath
 75129 | Slime:6  | Got a slimy rune of Zot
 75755 | D:15     | Identified a +6 rod of the swarm (14/14) (You found it on level 6 of the Pits of Slime)
 75885 | Depths:4 | Found a large runed door.
 75889 | Depths:4 | Found a large runed door.
 76099 | Depths:4 | Found Gonkuqu's Armour Shop.
 76210 | Depths:4 | Found a large runed door.
 76214 | Depths:4 | Found a large runed door.
 76571 | Depths:4 | Found a large runed door.
 76598 | Depths:4 | Found a large runed door.
 76603 | Depths:4 | Found a large runed door.
 76734 | Depths:4 | Found a large runed door.
 77195 | Depths:5 | Entered Level 5 of the Depths
 77801 | Depths:5 | Paralysed by a giant eyeball for 4 turns
 78093 | Depths:5 | Found Viunlus's Distillery.
 78201 | Depths:5 | Found a gate to the Realm of Zot.
 78440 | Depths:4 | Voluntarily entered the Abyss.
 78625 | Abyss:2  | Found a corrupted altar of Lugonu.
 79106 | Abyss:3  | Found a corrupted altar of Lugonu.
 79189 | Abyss:3  | Found a blossoming altar of Fedhas.
 79198 | Abyss:3  | Found a blossoming altar of Fedhas.
 81389 | Abyss:3  | Paralysed by you for 3 turns
 81445 | Abyss:3  | Paralysed by accursed screaming for 1 turns
 81475 | Abyss:3  | Got an abyssal rune of Zot
 81760 | Depths:4 | Escaped the Abyss
 81889 | Hell     | Entered the Vestibule of Hell
 81889 | Hell     | Noticed Geryon
 82002 | Hell     | Killed Geryon
 82082 | Hell     | Found a gateway to the ashen valley of Gehenna.
 82273 | Hell     | Found a gateway to the decaying netherworld of Tartarus.
 82394 | Hell     | Found a gateway to the freezing wastes of Cocytus.
 82513 | Hell     | Found a gateway to the Iron City of Dis.
 82973 | Geh:1    | Entered Level 1 of Gehenna
 85253 | Geh:3    | Gained mutation: Armour fits poorly on your strangely shaped body. [mutagenic glow]
 87556 | Geh:6    | Reached skill level 27 in Armour
 88083 | Geh:7    | Entered Level 7 of Gehenna
 88687 | Geh:7    | Noticed Asmodeus
 88724 | Geh:7    | Killed Asmodeus
 88735 | Geh:7    | Got an obsidian rune of Zot
 89378 | Dis:1    | Entered Level 1 of the Iron City of Dis
 93335 | Dis:6    | Found a burning altar of Makhleb.
 94293 | Dis:7    | Entered Level 7 of the Iron City of Dis
 95622 | Dis:7    | Noticed Dispater
 95673 | Dis:7    | Killed Dispater
 95717 | Dis:7    | Got an iron rune of Zot
 95726 | Dis:7    | Got an ichor-stained chain mail
 96200 | Coc:1    | Entered Level 1 of Cocytus
 97201 | Coc:3    | Gained mutation: Your body sometimes deteriorates upon taking damage. [mutagenic glow]
 97833 | Coc:5    | Reached skill level 5 in Evocations
 98838 | Coc:7    | Entered Level 7 of Cocytus
 99525 | Coc:7    | Reached skill level 27 in Dodging
 99752 | Coc:7    | Noticed Antaeus
 99839 | Coc:7    | HP: 7/174 [Antaeus/staff of summoning (9)]
 99886 | Coc:7    | Was placed under penance by the Shining One
100314 | Coc:2    | Was forgiven by the Shining One
100696 | Coc:4    | Reached skill level 10 in Evocations
101587 | Coc:7    | Killed Antaeus
101647 | Coc:7    | Got an icy rune of Zot
101651 | Coc:7    | Got a pitted helmet
101681 | Coc:7    | Identified the Handbook of Moulding (You found it on level 7 of Cocytus)
102047 | Hell     | Identified the +1 helmet of Impatience {rPois rC+ MR+} (You found it on level 7 of Cocytus)
102048 | Hell     | Identified a cursed +4 rod of the swarm (9/9) (You found it on level 7 of the Iron City of Dis)
102049 | Hell     | Identified the +1 chain mail of the Griffon {Regen+} (You found it on level 7 of the Iron City of Dis)
102079 | Tar:1    | Entered Level 1 of Tartarus
103236 | Tar:2    | Reached skill level 15 in Evocations
103656 | Tar:3    | Reached skill level 15 in Spellcasting
106532 | Tar:7    | Entered Level 7 of Tartarus
107116 | Tar:7    | Reached skill level 1 in Hexes
107124 | Tar:7    | Reached skill level 1 in Charms
107704 | Tar:7    | Reached skill level 5 in Hexes
107759 | Tar:7    | Reached skill level 5 in Charms
107804 | Tar:7    | Noticed Ereshkigal
107876 | Tar:7    | Killed Ereshkigal
107922 | Tar:7    | Got a bone rune of Zot
109104 | D:15     | Learned a level 5 spell: Phase Shift
109108 | D:15     | Learned a level 3 spell: Gell's Gravitas
109211 | Pan      | Entered Pandemonium
109211 | Pan      | Noticed Giracs the pandemonium lord
109229 | Pan      | Killed Giracs the pandemonium lord
109365 | Pan      | Found an exit through the horrors of the Abyss.
109458 | Pan      | Found a gateway to a ziggurat.
109458 | Pan      | Noticed an ancient lich
109458 | Pan      | Noticed an ancient lich
109649 | Pan      | Got a faintly glowing bone amulet
109690 | Pan      | Identified the amulet "Kiokhooss" {Faith -Tele rC+ rN+ Str+3} (You found it in Pandemonium)
110328 | Pan      | Noticed Tuca the pandemonium lord
110369 | Pan      | Killed Tuca the pandemonium lord
110394 | Pan      | Got a demonic rune of Zot
110443 | Pan      | Found an exit through the horrors of the Abyss.
110518 | Pan      | Got an encrusted great mace
110657 | Pan      | Noticed Piosufup the pandemonium lord
110690 | Pan      | Gained mutation: Scrolls take you a little longer to read. [a cacodemon]
110695 | Pan      | Killed Piosufup the pandemonium lord
110695 | Pan      | Reached skill level 10 in Charms
110752 | Pan      | Reached skill level 15 in Translocations
110894 | Pan      | Found an exit through the horrors of the Abyss.
111170 | Pan      | Found an exit through the horrors of the Abyss.
111554 | Pan      | Noticed Miukhabb the pandemonium lord
111709 | Pan      | Killed Miukhabb the pandemonium lord
111834 | Pan      | Found a glowing silver altar of Zin.
112268 | Pan      | Found a white marble altar of Elyvilon.
113119 | Pan      | Identified a +4 rod of clouds (9/9) (You found it on level 7 of Cocytus)
113235 | Pan      | Noticed a seraph
113368 | Pan      | Killed a seraph
113417 | Pan      | Found a glowing golden altar of the Shining One.
113447 | Pan      | Identified Sif Muna's Incunabulum of the Dark Rocks (You found it in Pandemonium)
113469 | Pan      | Got a wavering amethyst amulet
114172 | Pan      | Noticed Dinlam the pandemonium lord
114202 | Pan      | Killed Dinlam the pandemonium lord
114494 | Pan      | Found an exit through the horrors of the Abyss.
115009 | Pan      | Noticed Keshrev Xery the pandemonium lord
115019 | Pan      | Killed Keshrev Xery the pandemonium lord
115071 | Pan      | Learned a level 9 spell: Shatter
115260 | Pan      | Found an exit through the horrors of the Abyss.
115514 | Pan      | Found an exit through the horrors of the Abyss.
115536 | Pan      | Noticed Qeonaam the pandemonium lord
115544 | Pan      | Killed Qeonaam the pandemonium lord
116063 | Pan      | Identified the amulet "Esefasan" {rF+ rC+ Regen+ Int-3} (You took it off an angel in Pandemonium)
116291 | Pan      | Found an exit through the horrors of the Abyss.
116376 | Pan      | Noticed Nasuoji the pandemonium lord
116397 | Pan      | Killed Nasuoji the pandemonium lord
117368 | Pan      | Found an exit through the horrors of the Abyss.
117428 | Pan      | Noticed Dodiufer the pandemonium lord
117437 | Pan      | Killed Dodiufer the pandemonium lord
117660 | Pan      | Found an exit through the horrors of the Abyss.
117999 | Pan      | Noticed Beop Ono the pandemonium lord
118016 | Pan      | Killed Beop Ono the pandemonium lord
118895 | Pan      | Found an exit through the horrors of the Abyss.
118902 | Pan      | Noticed Ipemoagh the pandemonium lord
118963 | Pan      | HP: 8/174 [balrug/divine providence (9)]
119057 | Pan      | Killed Ipemoagh the pandemonium lord
119505 | Pan      | Noticed Icot the pandemonium lord
119519 | Pan      | Killed Icot the pandemonium lord
119765 | Pan      | Found an exit through the horrors of the Abyss.
120058 | Pan      | Entered the realm of Gloorx Vloq.
120112 | Pan      | Noticed Gloorx Vloq
120189 | Pan      | Killed Gloorx Vloq
120486 | Pan      | Found an exit through the horrors of the Abyss.
120935 | Pan      | Got a dark rune of Zot
121037 | Pan      | Learned a level 7 spell: Ring of Flames
121052 | Pan      | Found an exit through the horrors of the Abyss.
121216 | Pan      | Got a bloodstained scale mail
121220 | Pan      | Identified the +6 scale mail "Uhoukohi" {rF+} (You found it in Pandemonium)
121306 | Pan      | Noticed Kaubbilymm the pandemonium lord
121331 | Pan      | Killed Kaubbilymm the pandemonium lord
121639 | Pan      | Found an exit through the horrors of the Abyss.
121721 | Pan      | Noticed Somoprare the pandemonium lord
121740 | Pan      | Killed Somoprare the pandemonium lord
122110 | Pan      | Noticed Yfath the pandemonium lord
122118 | Pan      | Killed Yfath the pandemonium lord
122419 | Pan      | Found an exit through the horrors of the Abyss.
122501 | Pan      | Gained mutation: You are frail (-10% HP). [a cacodemon]
122818 | Pan      | Noticed Mennas
122882 | Pan      | Killed Mennas
123015 | Pan      | Noticed Feebikeo the pandemonium lord
123044 | Pan      | Killed Feebikeo the pandemonium lord
123422 | Pan      | Reached skill level 27 in Spellcasting
123438 | Pan      | Found an exit through the horrors of the Abyss.
123638 | Pan      | Found an exit through the horrors of the Abyss.
124096 | Pan      | Noticed Fuod the pandemonium lord
124108 | Pan      | Killed Fuod the pandemonium lord
124425 | Pan      | Noticed Soryzusu the pandemonium lord
124434 | Pan      | Killed Soryzusu the pandemonium lord
124508 | Pan      | Found an exit through the horrors of the Abyss.
124611 | Pan      | Gained mutation: You are weak. (Str -2) [a cacodemon]
124657 | Pan      | Reached skill level 15 in Charms
125347 | Pan      | Found an exit through the horrors of the Abyss.
125469 | Pan      | Noticed Woonly the pandemonium lord
125512 | Pan      | Killed Woonly the pandemonium lord
125562 | Pan      | Identified a +4 rod of shadows (9/9) (You found it in Pandemonium)
126051 | Pan      | Noticed Terixu the pandemonium lord
126072 | Pan      | Killed Terixu the pandemonium lord
126083 | Pan      | Got a pitted bone ring
126249 | Pan      | Found an exit through the horrors of the Abyss.
126419 | Pan      | Reached skill level 10 in Hexes
127081 | Pan      | Learned a level 6 spell: Haste
127213 | Pan      | Found an exit through the horrors of the Abyss.
127417 | Pan      | Gained mutation: Scrolls take you longer to read. [a neqoxec]
127432 | Pan      | Noticed Nuusill the pandemonium lord
127470 | Pan      | Killed Nuusill the pandemonium lord
128026 | Pan      | Entered the realm of Cerebov.
128427 | Pan      | Found an exit through the horrors of the Abyss.
128786 | Pan      | Gained mutation: You are somewhat resistant to further mutation. [potion of beneficial mutation]
128836 | Pan      | Learned a level 1 spell: Summon Butterflies
128846 | Pan      | Learned a level 9 spell: Dragon's Call
128847 | Pan      | Identified the ring "Ymuits" {*Corrode +Inv rElec rF+ Stlth-} (You found it in Pandemonium)
128899 | Pan      | Noticed Cerebov
128973 | Pan      | Killed Cerebov
129025 | Pan      | Got a fiery rune of Zot
129299 | Pan      | Reached skill level 1 in Summonings
129448 | Pan      | Noticed Orilyt the pandemonium lord
129469 | Pan      | Killed Orilyt the pandemonium lord
129588 | Pan      | Found an exit through the horrors of the Abyss.
129922 | Pan      | Killed from afar by a hellion

Action                   |  1- 3 |  4- 6 |  7- 9 | 10-12 | 13-15 | 16-18 | 19-21 | 22-24 | 25-27 || total
-------------------------+-------+-------+-------+-------+-------+-------+-------+-------+-------++-------
Melee: Mace              |    32 |       |       |   393 |       |       |       |       |       ||   425
       Whip              |    73 |   263 |   832 |    43 |       |       |       |       |       ||  1211
       Flail             |       |       |       |   449 |  1210 |       |       |   910 |   899 ||  3468
       Demon whip        |       |       |       |       |   892 |  2308 |  2521 |  1475 |       ||  7196
       Sacred scourge    |       |       |       |       |       |       |       |       | 16939 || 16939
       Unarmed           |       |       |       |       |       |       |       |       |     7 ||     7
 Fire: Blowgun           |       |       |    16 |    18 |     3 |       |       |       |       ||    37
Throw: Tomahawk          |       |       |       |    19 |     6 |       |       |       |       ||    25
 Cast: Shroud of Golubri |       |       |     1 |       |       |       |       |       |     4 ||     5
       Blink             |       |       |       |     1 |       |       |       |     1 |    22 ||    24
       Phase Shift       |       |       |       |       |       |       |       |       |    20 ||    20
       Spectral Weapon   |       |       |       |       |       |       |       |       |     8 ||     8
       Gell's Gravitas   |       |       |       |       |       |       |       |       |     2 ||     2
       Haste             |       |       |       |       |       |       |       |       |     1 ||     1
Invok: Heroism           |       |       |     1 |     3 |     6 |     1 |     6 |     2 |       ||    19
       Brand Weapon With |       |       |       |       |       |       |       |       |     1 ||     1
       Summon Divine War |       |       |       |       |       |       |       |       |    40 ||    40
       Divine Shield     |       |       |       |       |       |       |       |       |    22 ||    22
       Cleansing Flame   |       |       |       |       |       |       |       |       |     6 ||     6
 Abil: Evoke Blink       |       |       |       |       |     2 |       |       |       |       ||     2
       Breathe Fire      |       |       |       |       |       |       |       |     1 |       ||     1
       Evoke Flight      |       |       |       |       |       |       |       |       |     1 ||     1
Evoke: Wand              |       |       |       |     3 |     1 |       |       |       |     8 ||    12
       Box of beasts     |       |       |       |       |     2 |       |       |       |       ||     2
       Lamp of fire      |       |       |       |       |       |       |     1 |     1 |     1 ||     3
       Fan of gales      |       |       |       |       |       |       |       |     1 |       ||     1
  Use: Scroll            |       |    13 |     5 |    11 |    17 |    13 |     5 |    12 |    52 ||   128
       Potion            |       |       |       |       |     1 |     3 |     3 |     2 |     5 ||    14
 Stab: Distracted        |       |       |       |       |     1 |     1 |       |       |     1 ||     3
  Eat: Chunk             |     1 |     6 |    30 |    20 |    49 |    35 |    38 |    36 |   125 ||   340
       Beef jerky        |       |       |     1 |       |       |       |       |       |       ||     1
       Meat ration       |       |       |       |       |     1 |       |       |       |    18 ||    19
       Royal jelly       |       |       |       |       |       |       |       |       |    18 ||    18
       Fruit             |       |       |       |       |       |       |       |       |     3 ||     3
